 Dungeon Crawl Stone Soup version 0.20-a0-33-g996f6e0 (webtiles) character file.

48 Crabhammer the Skirmisher (level 3, -1/20 HPs)
             Began as a Vine Stalker Fighter on Nov 10, 2016.
             Slain by Crazy Yiuf
             ... wielding a +4 quarterstaff of chaos
              (2 damage)
             ... while paralysed by Crazy Yiuf
             ... on level 2 of the Dungeon.
             The game lasted 00:03:28 (1778 turns).

Crabhammer the Skirmisher (Vine Stalker Fighter)    Turns: 1778, Time: 00:03:28

Health: -1/20      AC:  6    Str: 15 (18) XL:     3   Next: 72%
Magic:  0/4        EV:  2    Int:  6 (9)  God:
Gold:   64         SH:  0    Dex: 10 (13) Spells: 0 memorised, 2 levels left

rFire  . . .     SeeInvis .     a - +0 long sword
rCold  . . .     Gourm    .     e - +0 ring mail {rPois}
rNeg   . . .     Faith    .     c - +0 shield
rPois  +         Spirit   +     (no helmet)
rElec  .         Reflect  .     (no cloak)
rCorr  .         Harm     .     (no gloves)
MR     .....     Rnd*Tele +     l - +0 pair of boots {Stlth+}
Stlth  +.........               (no amulet)
                                n - ring of poison resistance
                                g - ring of teleportation (curse)

@: paralysed
A: fangs 2, magic shield, antimagic bite, no device heal 3, rot immunity
a: no special abilities


You were on level 2 of the Dungeon.
You were not hungry.

You visited 1 branch of the dungeon, and saw 2 of its levels.

You collected 64 gold pieces.

Inventory:

Hand Weapons
 a - a +0 long sword (weapon)
Missiles
 h - 6 silver tomahawks (quivered)
 i - 3 javelins
Armour
 c - a +0 shield (worn)
 e - a +0 ring mail of poison resistance (worn)
 l - a +0 pair of boots of stealth (worn)
Jewellery
 g - a cursed ring of teleportation (left hand)
 n - a ring of poison resistance (right hand)
Scrolls
 o - a scroll of identify {unknown}
Potions
 d - 2 potions of might
 m - a potion of curing
Comestibles
 f - a bread ration
 k - 3 chunks of flesh


   Skills:
 * Level 3.1 Fighting
 * Level 2.6 Long Blades
 + Level 2.6 Armour
 + Level 0.1 Dodging
 + Level 2.9 Shields


You had 2 spell levels left.
You didn't know any spells.

Dungeon Overview and Level Annotations

Branches:
Dungeon (2/15)

Altars:

Annotations:
D:2 Crazy Yiuf


Innate Abilities, Weirdness & Mutations

You have extremely sharp teeth.
When hurt, damage is shared between your health and your magic reserves.
Your bite disrupts and absorbs the magic of your enemies.
Potions and wands cannot restore your health.
You are immune to rotting.


Message History

Your +0 ring mail of poison resistance unmelds from your body.
You feel stealthy.
You feel resistant to poison.
It was a potion of curing.
That felt strangely inert.
It was a potion of degeneration.
There was something very wrong with that liquid.
You feel weakened.
You feel dopey.
You feel clumsy.
You open the door.
Crazy Yiuf the Enlightened comes into view.
He is wielding a quarterstaff of chaos.
Found a mace.
There is an open door here.
You hit Crazy Yiuf. You bite Crazy Yiuf. You drain his power.
Crazy Yiuf is lightly wounded.
Crazy Yiuf hits you with a quarterstaff of chaos!
You suddenly lose the ability to move!
Crazy Yiuf hits you with a quarterstaff of chaos. x2
* * * LOW HITPOINT WARNING * * *
Space bends around you.
* * * LOW HITPOINT WARNING * * *
Crazy Yiuf hits you with a quarterstaff of chaos.
You die...

####♣♣ #### ######....♣♣ ♣♣#..)#
.........♣.♣♣♣♣.@g..# ### #
............♣..♣#...# #.#########
...........♣.♣♣♣ #### #..........
.......##♣♣♣♣♣ #.....#####
.......# #.##..# #.
.......################.###.####.
.......................## #.##...
...........#.........#.## #.#..##
..........##.........#..# #.#...#


You could see Crazy Yiuf.

Vanquished Creatures
  An adder (D:2)
  A worm (D:2)
  5 dart slugs
  3 goblins
  3 hobgoblins
  4 bats
  4 frilled lizards
  2 kobolds (D:1)
  7 rats
30 creatures vanquished.

Notes
Turn   | Place    | Note
-------+----------+-------------------------------------------
     0 | D:1      | Crabhammer the Vine Stalker Fighter began the quest for the Orb.
     0 | D:1      | Reached XP level 1. HP: 11/11 MP: 2/2
   444 | D:1      | Reached skill level 3 in Fighting
   532 | D:1      | Reached XP level 2. HP: 16/16 MP: 3/3
  1173 | D:2      | Reached XP level 3. HP: 20/20 MP: 4/4
  1721 | D:2      | Found a runed door.
  1773 | D:2      | Noticed Crazy Yiuf
  1775 | D:2      | Paralysed by Crazy Yiuf for 6 turns
  1777 | D:2      | HP: 1/20 [Crazy Yiuf/quarterstaff of chaos (2)]
  1778 | D:2      | Slain by Crazy Yiuf

Vault maps used:
D:1:      elethiomel_arrival_quiet, minmay_misc_feat_ornament
D:2:      moated_statue, st_stairs_13, minmay_misc_feat_four_crosses,
          hangedman_feature_mirror, uniq_crazy_yiuf_cottage

Skill      XL: |  1  2 |
---------------+-------+-----
Fighting       | 3 |  3.1
Long Blades    | 2 |  2.6
Armour         | |  2.6
Dodging        | |  0.1
Shields        | |  2.9

Action                   || total
-------------------------++-------
Melee: Long sword        ||    68
       Bite              ||    24
  Use: Potion            ||     4
 Stab: Sleeping          ||     1
  Eat: Chunk             ||     3
Armor: Ring mail         ||    19
Dodge: Dodged            ||    19
Block: Shield            ||    27
       Rpst.: Long sword ||     7
